 Dungeon Crawl Stone Soup version 0.30.1-4-g462c640d31 (webtiles) character file.

Game seed: 3570076344726181289

9068 Zeor the Thaumaturge (level 11, -12/64 HPs)
             Began as a Deep Elf Conjurer on Aug 21, 2023.
             Was a Follower of Vehumet.
             Mangled by a swamp worm (16 damage)
             ... on level 2 of the Lair of Beasts.
             The game lasted 00:47:17 (10985 turns).

Zeor the Thaumaturge (Deep Elf Conjurer)           Turns: 10985, Time: 00:47:18

Health: -12/64     AC: 10    Str:  4    XL:     11   Next: 18%
Magic:  21/37      EV: 15    Int: 24    God:    Vehumet [*.....]
Gold:   288        SH:  0    Dex: 23    Spells: 15/32 levels left

rFire   . . .        a - +11 Singing Sword {sonic wave}
rCold   + . .        (no shield)
rNeg    . . .        K - +2 leather armour {rC+}
rPois   .            (no helmet)
rElec   .            t - +1 cloak
rCorr   .            (no gloves)
SInv    .            k - +2 pair of boots
Will    +....        w - amulet of faith
Stlth   ++++         f - ring of magical power
HPRegen 0.30/turn    m - +6 ring of dexterity
MPRegen 0.25/turn

%: faith
@: no status effects
A: no striking features
a: Renounce Religion


You were on level 2 of the Lair of Beasts.
You worshipped Vehumet.
Vehumet was aware of your devotion.
You visited 3 branches of the dungeon, and saw 12 of its levels.

You collected 288 gold pieces.

Inventory:

Hand Weapons
 a - the +11 Singing Sword (weapon) {sonic wave}
   (You found it on level 6 of the Dungeon)
 b - the +8 dagger of the Twisting Gods {heavy, rF- Dex+6}
   (You found it on level 4 of the Dungeon)

   Dex:       It affects your dexterity (+6).
   rF:        It makes you vulnerable to fire.
 h - a +1 short sword of venom
 l - the +9 sling "Yjill" {speed, Dex+3}
   (You found it on level 2 of the Dungeon)

   Dex:       It affects your dexterity (+3).
Missiles
 q - 29 poisoned darts
 G - a curare-tipped dart
Armour
 k - a +2 pair of boots (worn)
 t - a +1 cloak (worn)
 K - a +2 leather armour of cold resistance (worn)
Magical Staves
 D - a staff of cold
Jewellery
 f - a ring of magical power (left hand)
 m - a +6 ring of dexterity (right hand)
 r - a ring of willpower
 u - a ring of protection from fire
 w - an amulet of faith (around neck)
 A - a ring of flight
 I - a ring of protection from cold
Wands
 x - a wand of acid (12)
 H - a wand of charming (22)
Scrolls
 d - a scroll of poison
 p - 2 scrolls of teleportation
 y - a scroll of fear
 B - a scroll of enchant armour
 C - a scroll of magic mapping
 E - 2 scrolls of vulnerability
 F - 4 scrolls of identify
Potions
 c - 2 potions of magic
 e - 2 potions of haste
 g - 3 potions of resistance
 i - 5 potions of lignification
 j - 3 potions of attraction
 n - 3 potions of curing
 o - 3 potions of heal wounds
 s - 2 potions of invisibility
 v - 3 potions of might
 z - 3 potions of mutation
 J - a potion of flight


   Skills:
 * Level 5.9 Fighting
 + Level 2.3(4.2) Short Blades
 * Level 4.9(5.1) Long Blades
 + Level 0.2 Staves
 - Level 0.1 Armour
 + Level 5.9 Dodging
 + Level 8.2 Stealth
 + Level 11.3 Spellcasting
 + Level 10.0 Conjurations
 + Level 5.0 Hexes
 + Level 2.4 Translocations
 + Level 0.7 Air Magic


You had 15 spell levels left.
You knew the following spells:

 Your Spells              Type           Power      Damage    Failure   Level
a - Apportation           Tloc           50%        N/A       3%          1
b - Iskenderun's Mystic   Conj/Tloc      43%        2d10      6%          4
d - Magic Dart            Conj           100%       1d8       1%          1
f - Dazzling Flash        Conj/Hex       98%        N/A       1%          3
k - Kiss of Death         Conj/Necr      100%       2d13      1%          1
p - Fulminant Prism       Conj/Hex       24%        3d12      3%          4
r - Searing Ray           Conj           100%       2d8       1%          2
z - Shock                 Conj/Air       100%       1d9       1%          1

Your spell library contained the following spells:

 Spells                   Type           Power      Damage    Failure   Level
 Confusing Touch          Hex            37%        N/A       3%          3
 Cigotuvi's Dreadful Rot  Necr/Pois/Air  28%        N/A       12%         2
 Ignite Poison            Fire/Tmut/Pois 13%        N/A       26%         3
 Ozocubu's Armour         Ice            13%        N/A       26%         3
 Spider Form              Tmut/Pois      13%        N/A       26%         3
 Freezing Cloud           Conj/Ice/Air   15%        6-21      47%         5
 Dispel Undead            Necr           13%        3d9       63%         4
 Alistair's Intoxication  Tmut/Pois      8%         N/A       93%         5
 Ozocubu's Refrigeration  Ice            6%         4d8       100%        7
 Spellforged Servitor     Conj/Summ      18%        N/A       100%        7


Dungeon Overview and Level Annotations

Branches:
Dungeon (9/15)             Temple (1/1) D:6            Lair (2/5) D:8
  Swamp: Lair:2-3    Shoals: Lair:2-3     Snake: Lair:2-3    Spider: Lair:2-3
    Orc: D:9-12

Altars:
Ashenzari
Cheibriados
Dithmenos
Elyvilon
Fedhas
Gozag
Hepliaklqana
Kikubaaqudgha
Makhleb
Nemelex Xobeh
Okawaru
Qazlal
Ru
Sif Muna
Uskayaw
Vehumet
Wu Jian
Xom
Yredelemnul
Zin
The Shining One

Annotations:
D:4 1 transporter
Lair:1 exclusion: fire dragon


Message History

The komodo dragon is severely wounded.
The swamp worm fires a harpoon shot at you.
The harpoon shot misses you.
The swamp worm attacks as you move away!
The swamp worm misses you.
You catch the helpless komodo dragon completely off-guard!
You impale the komodo dragon!!
You kill the komodo dragon!
Vehumet accepts your kill. The swamp worm bites you!
Your Conjurations skill increases to level 10!
Your Hexes skill increases to level 5!
Casting: Dazzling Flash (safe; 1% risk of failure)
Confirm with . or Enter, or press ? or * to list all spells.
Casting: Dazzling Flash (safe; 1% risk of failure)
Press: ? - help, Dir - look around, f - activate The swamp worm bites you!
The Singing Sword hums in delight!
a - the +11 Singing Sword (weapon)
{sonic wave} The swamp worm bites you.
You are too injured to fight recklessly!
Casting: Dazzling Flash (safe; 1% risk of failure)
Confirm with . or Enter, or press ? or * to list all spells.
Aiming: Searing Ray (safe; 1% risk of failure)
Press: ? - help, Shift-Dir - straight line, f - swamp worm
Aim: a swamp worm (79% to hit)
The searing ray hits the swamp worm!
The swamp worm is moderately wounded. (Press . to maintain the ray.)
The swamp worm bites you.
The searing ray hits the swamp worm!
The swamp worm is severely wounded.
The swamp worm bites you!
* * * LOW HITPOINT WARNING * * *
The searing ray hits the swamp worm!
The swamp worm is almost dead.
The swamp worm bites you!
* * * LOW HITPOINT WARNING * * *
The swamp worm bites you!
You die...

∙∙∙∙∙▒▒▒▒∙<∙∙∙∙∙∙∙∙ ∙∙∙∙∙▒
▒∙∙∙∙∙∙∙∙∙∙ ∙∙∙∙∙▒▒
▒▒∙∙∙∙∙∙∙∙∙ ∙∙∙∙∙∙▒▒
▒▒∙∙∙∙∙∙∙∙ ∙∙∙∙∙∙∙▒▒
▒∙∙∙∙∙▒▒▒ ∙∙∙∙∙∙∙P▒
▒∙∙∙∙∙▒▒▒▒
∙∙∙∙∙∙∙▒▒▒▒▒∙∙∙∙▒∙∙▒
∙∙∙∙^∙∙▒▒∙▒∙∙∙∙†∙∙▒▒▒ ▒
∙∙∙∙∙∙∙∙▒▒∙∙∙∙∙∙ew∙∙▒▒ ∙∙∙
∙∙∙∙∙∙∙▒∙∙∙∙∙∙∙∙∙∙∙∙∙▒▒∙∙∙∙∙
∙∙∙∙∙∙∙∙∙∙∙∙∙∙∙▒▒∙▒∙∙∙∙∙∙∙∙∙
∙∙∙∙∙∙∙∙∙∙∙∙∙∙∙▒▒▒▒▒∙∙∙∙∙∙∙∙
∙∙▒∙∙∙∙∙∙∙∙∙∙∙∙∙▒▒▒▒▒∙∙∙∙∙∙♣
∙∙∙∙∙▒∙∙∙∙∙∙∙∙∙∙∙∙▒ ▒∙∙∙♣♣♣
∙∙∙▒▒▒∙∙∙∙∙∙∙∙∙∙∙▒▒ ∙∙⌠∙∙
∙▒▒▒ ▒▒∙∙∙∙∙∙∙∙∙∙▒ ∙∙⌠∙∙∙ ▒▒
▒∙∙∙∙∙∙∙∙∙∙∙∙▒ ∙∙♣♣♣


You could see a swamp worm.

Vanquished Creatures
  A two-headed ogre (D:8)
  Joseph (D:8)
  A cane toad (Lair:1)
  4 komodo dragons
  2 hornets
  9 blink frogs (Lair:1)
  A shadow (D:8)
  3 yaks (D:7)
  Menkaure (D:4)
  3 water moccasins
  An orc warrior (D:6)
  2 black bears
  5 wolves (Lair:1)
  An ogre (D:6)
  3 centaurs
  2 phantoms
  2 kobold brigands (D:7)
  Blork the orc (D:4)
  5 bullfrogs
  6 scorpions
  3 wights (D:8)
  7 killer bees (D:8)
  An oklob sapling (D:6)
  An electric eel (D:8)
  3 howler monkeys
  A jelly (D:5)
  A hound (D:5)
  4 orc priests
  A gnoll bouda (D:7)
  A sleepcap (D:6)
  2 iguanas
  Natasha (thrice) (D:4 D:5)
  5 orc wizards
  8 gnolls
  13 adders
  2 white imps (D:5)
  5 worms
  5 dart slugs
  37 orcs
  8 endoplasms
  4 giant cockroaches
  8 goblins
  8 hobgoblins
  3 jackals (D:1)
  15 kobolds
  3 quokkas
  9 ball pythons
  12 bats
  2 frilled lizards
  6 rats
235 creatures vanquished.

Vanquished Creatures (others)
  5 dream sheep (D:8)
  16 fulminant prisms
21 creatures vanquished.

Grand Total: 256 creatures vanquished

Notes
Turn   | Place    | Note
-------+----------+-------------------------------------------
     0 | D:1      | Zeor the Deep Elf Conjurer began the quest for the Orb.
     0 | D:1      | Reached XP level 1. HP: 10/10 MP: 6/6
    32 | D:1      | Learned a level 1 spell: Kiss of Death
   181 | D:1      | Reached XP level 2. HP: 15/15 MP: 6/8
   184 | D:1      | Learned a level 2 spell: Searing Ray
   321 | D:1      | Reached skill level 5 in Conjurations
   707 | D:1      | Reached XP level 3. HP: 19/19 MP: 7/9
  1141 | D:2      | Got the Excursus on the Septic Shot
  1146 | D:2      | Learned a level 3 spell: Dazzling Flash
  1303 | D:2      | Identified the +9 sling "Yjill" {speed, Dex+3}
  1355 | D:2      | Reached XP level 4. HP: 24/24 MP: 4/11
  1512 | D:2      | Reached skill level 4 in Spellcasting
  1961 | D:3      | Found a shadowy altar of Dithmenos.
  2007 | D:3      | Found a faded altar of an unknown god.
  2166 | D:3      | Reached XP level 5. HP: 28/28 MP: 13/13
  2582 | D:4      | Noticed Natasha
  2780 | D:4      | Found a sparkling altar of Nemelex Xobeh.
  2780 | D:4      | Found a transporter.
  2808 | D:4      | Noticed Blork the orc
  2817 | D:4      | Killed Blork the orc
  2818 | D:4      | Reached skill level 1 in Fighting
  3057 | D:4      | Learned a level 1 spell: Apportation
  3075 | D:4      | Identified the +8 dagger of the Twisting Gods {heavy, rF-
                  | Dex+6}
  3110 | D:4      | Noticed Menkaure
  3117 | D:4      | Killed Menkaure
  3118 | D:4      | Reached skill level 5 in Spellcasting
  3118 | D:4      | Reached XP level 6. HP: 34/34 MP: 15/15
  3519 | D:4      | Killed Natasha
  3627 | D:4      | Noticed a yak
  3650 | D:4      | Noticed Natasha
  3653 | D:4      | Killed Natasha
  3833 | D:4      | Noticed Natasha
  3901 | D:5      | Entered Level 5 of the Dungeon
  3992 | D:5      | Killed Natasha
  3993 | D:5      | Reached XP level 7. HP: 29/38 MP: 16/17
  4167 | D:5      | Learned a level 4 spell: Iskenderun's Mystic Blast
  4273 | D:5      | Reached skill level 6 in Spellcasting
  4369 | D:5      | Found an opulent altar of Gozag.
  4679 | D:5      | Found a sacrificial altar of Ru.
  4779 | D:6      | Reached skill level 5 in Stealth
  4967 | D:6      | Found a staircase to the Ecumenical Temple.
  5027 | Temple   | Entered the Ecumenical Temple
  5404 | D:6      | Reached XP level 8. HP: 45/45 MP: 19/19
  5485 | D:6      | Reached skill level 1 in Hexes
  5545 | D:6      | Learned a level 4 spell: Fulminant Prism
  5625 | D:6      | Reached skill level 7 in Spellcasting
  6094 | D:6      | Reached skill level 1 in Short Blades
  6495 | D:6      | Found the +11 Singing Sword {sonic wave}
  6871 | D:7      | Reached XP level 9. HP: 52/52 MP: 22/22
  6908 | D:7      | Reached skill level 8 in Spellcasting
  7172 | D:7      | Reached skill level 1 in Long Blades
  7484 | D:7      | Noticed a +0 falchion
  7516 | D:7      | Found a blossoming altar of Fedhas.
  7740 | D:7      | Found a hide-covered altar of Uskayaw.
  7740 | D:7      | Noticed a +0 spear
  7741 | D:7      | Noticed a +0 spear
  7741 | D:7      | Noticed a +0 short sword
  7743 | D:7      | Noticed a +0 dagger
  7743 | D:7      | Noticed a +0 short sword
  7743 | D:7      | Noticed a +0 falchion
  7743 | D:7      | Noticed a +0 dagger
  8248 | D:8      | Found a white marble altar of Elyvilon.
  8248 | D:8      | Found a radiant altar of Vehumet.
  8253 | D:8      | Became a worshipper of Vehumet
  8309 | D:8      | Noticed a two-headed ogre
  8314 | D:8      | Killed a two-headed ogre
  8315 | D:8      | Reached skill level 9 in Spellcasting
  8382 | D:8      | Noticed a komodo dragon
  8529 | D:8      | Noticed Joseph
  8531 | D:8      | Paralysed by a hornet for 1 turns
  8533 | D:8      | Reached skill level 5 in Fighting
  8533 | D:8      | Reached XP level 10. HP: 20/59 MP: 21/25
  8546 | D:8      | Killed Joseph
  8547 | D:8      | Reached skill level 5 in Dodging
  8547 | D:8      | Reached skill level 10 in Spellcasting
  8882 | D:8      | Found a staircase to the Lair.
  9063 | D:8      | Reached * piety under Vehumet
  9063 | D:8      | Offered knowledge of Shock by Vehumet.
  9177 | D:8      | Reached skill level 1 in Translocations
  9276 | D:8      | Found a shimmering altar of Xom.
  9643 | D:9      | Noticed a skeletal warrior
  9643 | D:9      | Noticed a skeletal warrior
  9643 | D:9      | Noticed a skeletal warrior
  9643 | D:9      | Noticed a skeletal warrior
  9727 | Lair:1   | Entered Level 1 of the Lair of Beasts
  9732 | D:8      | Learned a level 1 spell: Shock
  9817 | Lair:1   | Paralysed by a hornet for 2 turns
 10145 | Lair:1   | Reached skill level 11 in Spellcasting
 10187 | Lair:1   | Reached XP level 11. HP: 62/64 MP: 11/28
 10490 | Lair:1   | Noticed a fire dragon
 10981 | Lair:2   | Reached skill level 10 in Conjurations
 10981 | Lair:2   | Reached skill level 5 in Hexes
 10985 | Lair:2   | Mangled by a swamp worm

Illustrated notes

Levels and vault maps discovered:
D:1:      matt_arrival_grand_opening, layout_basic
D:2:      layout_rooms
D:3:      layout_basic, nicolae_dithmenos_the_darkroom,
          ebering_ecumenical_altar_mist
D:4:      layout_basic, grunt_nemelex_the_gamble, nicolae_wormholes,
          uniq_natasha, uniq_menkaure, uniq_blork_the_orc
D:5:      layout_rooms, mainiacjoe_overflow_brackets,
          mainiacjoe_overflow_24_doors
D:6:      old_forge, layout_basic, minmay_temple_entry_oklob
D:7:      layout_cave_pools, nicolae_uskayaw_en_pointe,
          mainiacjoe_overflow_surrounded_room, serial_bayou_lagoon_a
D:8:      wad_river_or_something, layout_basic, kb_xom_exploding_sheep,
          gammafunk_temple_overflow_statue, david_lair_shrubbed, uniq_joseph
D:9:      layout_long_grid, enter_bailey_3, kb_rosetta
Temple:   nicolae_temple_godzebo
Lair:1:   dragon1_lemuel, layout_misc_corridors
Lair:2:   layout_cave_pods, nicolae_swamp_entry_splash_gauntlet,
          serial_bayou_lagoon_b

Skill      XL: |  1  2  3  4  5  6  7  8  9 10 11 |
---------------+----------------------------------+-----
Conjurations   | 5 6 7 8 9 10 | 10.0
Spellcasting   | 4 5 6 7 9 11 | 11.3
Stealth        | 3 4 5 6 7 8 |  8.2
Fighting       | 1 2 3 5 |  5.9
Dodging        | 3 4 5 |  5.9
Hexes          | 2 3 4 5 |  5.0
Short Blades   | 1 2 |  2.3
Long Blades    | 2 4 |  4.9
Translocations | 2 |  2.4
Staves         | |  0.2
Armour         | |  0.1
Air Magic      | |  0.7

Action                     |  1- 3 |  4- 6 |  7- 9 | 10-12 || total
---------------------------+-------+-------+-------+-------++-------
  Melee: Dagger            |     4 |    17 |    53 |    13 ||    87
         Staff             |       |     1 |       |       ||     1
         Double sword      |       |       |    20 |    32 ||    52
         Punch             |       |       |     1 |       ||     1
   Cast: Magic Dart        |    49 |    54 |    76 |    12 ||   191
         Searing Ray       |     7 |    19 |    36 |    22 ||    84
         Dazzling Flash    |       |     3 |    24 |     6 ||    33
         Fulminant Prism   |       |       |     6 |    10 ||    16
         Iskenderun's Myst |       |       |     1 |    12 ||    13
         Shock             |       |       |       |    16 ||    16
    Use: Scroll            |    11 |     4 |     6 |     2 ||    23
         Potion            |       |       |     2 |     3 ||     5
   Stab: Sleeping          |       |     4 |     5 |       ||     9
         Invisible         |       |     2 |    10 |     2 ||    14
         Distracted        |       |       |       |     1 ||     1
 Armour: Leather armour    |     3 |    11 |    43 |    21 ||    78
  Dodge: Dodged            |     5 |    31 |   100 |    70 ||   206
